 Dungeon Crawl Stone Soup version 0.30-a0-279-g4b46babb21 (webtiles) character file.

Game seed: 9307625029505264312

2734 lunkers the Transmogrifier (level 10, -2/71 HPs)
             Began as a Meteoran Wanderer on Oct 16, 2022.
             Was a Believer of Uskayaw.
             Slain by a water moccasin (4 damage)
             ... on level 8 of the Dungeon.
             The game lasted 00:11:04 (3714 turns).

lunkers the Transmogrifier (Meteoran Wanderer)      Turns: 3714, Time: 00:11:05

Health: -2/71      AC:  4    Str: 13    XL:     10   Next: 19%
Magic:  5/16       EV: 15    Int: 16    God:    Uskayaw [**....]
Gold:   297        SH:  0    Dex: 17    Spells: 5/15 levels left

rFire   . . .      SeeInvis .      - Unarmed
rCold   . . .      Faith    .    (shield currently unavailable)
rNeg    . . .      Spirit   .    e - +0 robe
rPois   .          Reflect  .    x - +0 helmet
rElec   .          Harm     .    K - +0 cloak
rCorr   .          Rampage  .    (gloves currently unavailable)
Will    +....                    (no boots)
Stlth   +.........               F - amulet of regeneration
HPRegen 1.11/turn                t - +4 ring of evasion
MPRegen 0.15/turn                D - ring of wizardry

@: lethally poisoned (-2 -> -8), blade hands, glowing
A: sense surroundings 2, otherworldly, glowing, explore regen
a: End Transformation, Renounce Religion, Stomp, Line Pass


You were on level 8 of the Dungeon.
You worshipped Uskayaw.
Uskayaw was noncommittal.
You had blades for hands.
You visited 2 branches of the dungeon, and saw 9 of its levels.
You also visited: Ossuary.

You collected 297 gold pieces.

Inventory:

Hand Weapons
 a - a +0 short sword
 c - a +0 dagger
 y - a +1 quarterstaff (melded)
Missiles
 b - 35 poisoned darts
Armour
 e - a +0 robe (worn)
 j - a +0 pair of gloves (melded)
 x - a +0 helmet (worn)
 K - a +0 cloak (worn)
Jewellery
 n - a +4 ring of protection
 p - a ring of see invisible
 t - a +4 ring of evasion (left blade hand)
 v - a ring of positive energy
 D - a ring of wizardry (right blade hand)
 F - an amulet of regeneration (around neck)
Wands
 J - a wand of light (6)
Scrolls
 i - a scroll of enchant weapon
 l - 3 scrolls of teleportation
 A - a scroll of immolation {unknown}
 B - 3 scrolls of identify
 C - a scroll of vulnerability {unknown}
 E - a scroll of fog {unknown}
 G - a scroll of torment {unknown}
 H - a scroll of magic mapping
Potions
 d - 2 potions of haste
 f - a potion of cancellation {unknown}
 g - 6 potions of curing
 h - a potion of invisibility
 k - 2 potions of degeneration
 m - 3 potions of magic
 q - 4 potions of mutation
 r - a potion of lignification
 s - 3 potions of heal wounds {unknown}
 u - a potion of ambrosia {unknown}
 w - 2 potions of brilliance {unknown}
 z - a potion of berserk rage {unknown}
 I - a potion of might {unknown}


   Skills:
 - Level 1.1 Fighting
 - Level 2.1 Short Blades
 - Level 3.6 Throwing
 * Level 6.4 Unarmed Combat
 - Level 3.3 Spellcasting
 * Level 10.8 Transmutations
 - Level 8.0 Poison Magic
 + Level 4.2 Invocations


You had 5 spell levels left.
You knew the following spells:

 Your Spells              Type           Power      Damage    Failure   Level
b - Olgreb's Toxic Radia  Pois           28%        N/A       16%         4
c - Blade Hands           Tmut           18%        N/A       16%         5
p - Sting                 Tmut/Pois      100%       1d8       4%          1

Your spell library contained the following spells:

 Spells                   Type           Power      Damage    Failure   Level
 Cigotuvi's Dreadful Rot  Necr/Pois/Air  22%        N/A       19%         2
 Necrotise                Necr           8%         1d4       30%         1
 Slow                     Hex            8%         N/A       30%         1
 Confusing Touch          Hex            2%         N/A       52%         3
 Portal Projectile        Hex/Tloc       4%         N/A       52%         3
 Tukima's Dance           Hex            2%         N/A       52%         3
 Vampiric Draining        Necr           2%         2d6       52%         3
 Vhi's Electric Charge    Tloc/Air       4%         N/A       52%         3
 Animate Armour           Summ/Erth      4%         N/A       83%         4
 Agony                    Necr           2%         N/A       98%         5
 Arcjolt                  Conj/Air       1%         1d11      98%         5
 Iron Shot                Conj/Erth      1%         9d1       100%        6
 Maxwell's Capacitive Co  Air            1%         ∞         100%        8


Dungeon Overview and Level Annotations

Branches:
Dungeon (8/15) Zot: 1309   Temple (1/1) D:5 Zot: 551 Ossuary (visited)
   Lair: D:8-11

Altars:
Cheibriados
Dithmenos
Elyvilon
Fedhas
Gozag
Kikubaaqudgha
Makhleb
Nemelex Xobeh
Okawaru
Qazlal
Sif Muna
Uskayaw
Vehumet
Wu Jian
Xom
Yredelemnul

Annotations:
D:4 Dowan
Temple 2 transporters


Innate Abilities, Weirdness & Mutations

You have blades for hands.
Your spellcasting is less reliable in this form.
You are incapable of wielding weapons or throwing items.
You passively map the area around you.
You are easily found by Zot.
You glow in the dark.
You regain HP and MP as you explore.


Message History

You kill the killer bee!
The killer bee stings you but does no damage.
The killer bee stings you.
* * * LOW HITPOINT WARNING * * *
You are more poisoned.
The killer bee poisons you!
You open the door.
You feel extremely sick.
You kill the killer bee!
The killer bee stings you.
* * * LOW HITPOINT WARNING * * *
The killer bee stings you.
* * * LOW HITPOINT WARNING * * *
The water moccasin bites you.
* * * LOW HITPOINT WARNING * * *
You are more poisoned.
The water moccasin poisons you!
Your Invocations skill increases to level 4!
The killer bee attacks as you move away!
The killer bee closely misses you.
The water moccasin attacks as you move away!
The water moccasin barely misses you.
* * * LOW HITPOINT WARNING * * *
You feel extremely sick.
You kill the killer bee! x2
There is an open door here.
Unknown command.
You feel better.
You kill the killer bee!
The water moccasin bites you.
* * * LOW HITPOINT WARNING * * *
You are poisoned.
The water moccasin poisons you!
Unknown command.
You barely miss the water moccasin.
You feel very sick. The water moccasin bites you!
* * * LOW HITPOINT WARNING * * *
The water moccasin bites you.
You die...

,, * ......#................#
* #...........#####†....# ,
*+ * #............)).......#
,, #............))...#+### ,
, ,###.................#+####
, ,
+..............>..#.......
#.......##.......#........
+###......†##.......#........
*
........†yS@.......#........
,,
........####.........#..####
,,
........+..#.........#..####
.....y..##.####.....#......#
,,
.........#.....##..........#
* ,
,...#.....#.....##..........#
#..##..........##.......####
#. .......<...##.......# ,
...........##.#.....#


You could see a water moccasin and a killer bee (poisoned).

Vanquished Creatures
  A two-headed ogre (D:8)
  A hornet (D:8)
  A water moccasin (D:8)
  An orc warrior (D:6)
  Duvessa (D:4)
  2 sky beasts (D:6)
  A black bear (D:5)
  2 phantoms (D:6)
  2 elf zombies (Ossuary)
  A necrophage (D:6)
  5 bullfrogs
  5 killer bees (D:8)
  2 hounds
  A jelly (D:6)
  An orc priest (D:6)
  2 iguanas (D:5)
  2 orc wizards (D:7)
  Terence (D:3)
  3 hound zombies (Ossuary)
  4 mummies (Ossuary)
  7 gnolls (D:4)
  2 adders (D:3)
  A white imp (D:8)
  An ufetubus (D:6)
  An adder zombie (Ossuary)
  A worm (D:3)
  A dart slug (D:2)
  9 orcs
  5 bats
  4 endoplasms
  3 giant cockroaches
  4 goblins
  3 hobgoblins
  3 jackals (D:2)
  3 quokkas (D:3)
  6 ball pythons
  2 frilled lizards
  A goblin zombie (Ossuary)
  A jackal zombie (Ossuary)
  4 kobolds
  An orc zombie (Ossuary)
  6 rats
  3 rat zombies (Ossuary)
111 creatures vanquished.

Notes
Turn   | Place    | Note
-------+----------+-------------------------------------------
     0 | D:1      | lunkers the Meteoran Wanderer began the quest for the Orb.
     0 | D:1      | lunkers set off with the following items: a +0 short sword,
                  | 14 poisoned darts, a +0 dagger, a potion of haste, a +0
                  | robe; and the following spell memorised: Sting; and the
                  | following spells available to memorise: Cigotuvi's Dreadful
                  | Rot, Olgreb's Toxic Radiance.
     0 | D:1      | Reached XP level 1. HP: 16/16 MP: 3/3
   105 | D:1      | Reached XP level 2. HP: 23/23 MP: 2/5
   421 | D:2      | Reached XP level 3. HP: 28/28 MP: 4/7
   602 | D:2      | Found a faded altar of an unknown god.
   858 | D:3      | Found a burning altar of Makhleb.
   963 | D:3      | Reached XP level 4. HP: 35/35 MP: 2/8
  1021 | D:3      | Reached skill level 5 in Poison Magic
  1540 | D:3      | Noticed Terence
  1552 | D:3      | Killed Terence
  1553 | D:3      | Reached XP level 5. HP: 19/40 MP: 0/10
  1763 | D:4      | Noticed Sigmund
  1901 | D:4      | Learned a level 4 spell: Olgreb's Toxic Radiance
  2034 | D:4      | Reached XP level 6. HP: 40/47 MP: 1/12
  2150 | D:4      | Noticed Duvessa
  2151 | D:4      | Noticed Dowan
  2167 | D:4      | Killed Duvessa
  2221 | D:4      | Reached XP level 7. HP: 39/52 MP: 9/13
  2301 | D:4      | Glimpsed the power of Zot.
  2314 | D:5      | Entered Level 5 of the Dungeon
  2407 | D:5      | Found a staircase to the Ecumenical Temple.
  2417 | Temple   | Entered the Ecumenical Temple
  2417 | Temple   | Found a transporter.
  2417 | Temple   | Found a transporter.
  2421 | Temple   | Found a transporter.
  2421 | Temple   | Found a transporter.
  2446 | Temple   | Became a worshipper of Uskayaw the Reveller
  2488 | D:5      | Reached * piety under Uskayaw
  2489 | D:5      | Reached skill level 1 in Transmutations
  2500 | D:5      | Reached skill level 3 in Transmutations
  2636 | D:6      | Reached ** piety under Uskayaw
  2638 | D:6      | Reached skill level 4 in Transmutations
  2752 | D:6      | Reached skill level 5 in Transmutations
  2752 | D:6      | Reached XP level 8. HP: 47/59 MP: 14/14
  2794 | D:6      | Reached *** piety under Uskayaw
  2795 | D:6      | Reached skill level 6 in Transmutations
  2801 | D:6      | Reached skill level 7 in Transmutations
  2812 | D:6      | Learned a level 5 spell: Blade Hands
  2835 | D:6      | Found an opulent altar of Gozag.
  2934 | D:6      | Reached **** piety under Uskayaw
  2952 | D:6      | Reached ***** piety under Uskayaw
  2954 | D:6      | Reached skill level 8 in Transmutations
  3014 | D:6      | Gained mutation: You passively map the area around you.
                  | [Meteoran growth]
  3014 | D:6      | Reached XP level 9. HP: 60/64 MP: 15/15
  3134 | D:7      | Found a sand-covered staircase.
  3148 | Ossuary  | Entered an ossuary
  3163 | Ossuary  | Reached skill level 1 in Unarmed Combat
  3173 | Ossuary  | Reached skill level 9 in Transmutations
  3216 | Ossuary  | Identified the +7 great sword of Paxuneu {elec, +Blink Fly
                  | rPois}
  3362 | D:7      | Found a shimmering blue altar of Sif Muna.
  3371 | D:7      | Reached skill level 1 in Invocations
  3641 | D:8      | Noticed a two-headed ogre
  3653 | D:8      | Killed a two-headed ogre
  3654 | D:8      | Reached skill level 5 in Unarmed Combat
  3654 | D:8      | Reached skill level 10 in Transmutations
  3672 | D:8      | Noticed a hornet
  3678 | D:8      | Killed a hornet
  3679 | D:8      | Reached XP level 10. HP: 52/71 MP: 3/16
  3714 | D:8      | HP: 2/71 [water moccasin (8)]
  3714 | D:8      | Slain by a water moccasin

Illustrated notes

Levels and vault maps discovered:
D:1:      noname_arrival_rooms_in_the_neighbourhood, layout_basic
D:2:      layout_loops_ring, hellmonk_ecumenical_altar_lost_god
D:3:      minmay_diamond_boxcup, layout_loops_ring, lightli_temple_of_fire,
          uniq_terence
D:4:      layout_layer_cave, chequers_serial_rivers_micro_d, uniq_sigmund,
          uniq_natasha, uniq_duvessa
D:5:      layout_basic, minmay_temple_entry_sparse_star
D:6:      layout_loops_ring, grunt_gozag_statues, kennysheep_mini_moat
D:7:      layout_loops_ring, mainiacjoe_overflow_tiny_flanked,
          chequers_ossuary_entry_cave
D:8:      layout_basic, mainiacjoe_overflow_concentric_impassable,
          lemuel_tele_altar, tgw_trog
Temple:   hellmonk_temple_divided_pantheon

Skill      XL: |  1  2  3  4  5  6  7  8  9 10 |
---------------+-------------------------------+-----
Poison Magic   | 4 5 6 7 8 |  8.0
Spellcasting   | 2 3 |  3.3
Transmutations | 5 8 10 | 10.8
Unarmed Combat | 6 |  6.4
Invocations    | 3 4 |  4.2
Fighting       | |  1.1
Short Blades   | |  2.1
Throwing       | |  3.6

Action                   |  1- 3 |  4- 6 |  7- 9 | 10-12 || total
-------------------------+-------+-------+-------+-------++-------
Melee: Short sword       |    11 |    11 |       |       ||    22
       Quarterstaff      |       |     8 |    82 |       ||    90
       Unarmed           |       |       |    53 |    10 ||    63
       Punch             |       |       |     1 |       ||     1
 Cast: Sting             |    60 |    76 |    35 |       ||   171
       Olgreb's Toxic Ra |       |     1 |    11 |     1 ||    13
       Blade Hands       |       |       |     8 |     1 ||     9
Evoke: Wand              |       |       |     1 |       ||     1
  Use: Scroll            |       |     9 |     3 |       ||    12
       Potion            |       |       |       |     1 ||     1
 Stab: Paralysed         |       |       |     7 |     1 ||     8
       Invisible         |       |       |     1 |       ||     1
Armor: Robe              |    14 |    10 |   150 |     2 ||   176
Dodge: Dodged            |    15 |    53 |   136 |     6 ||   210

Table legend: (Time is in decaauts)
 A = Elapsed time spent in this place.
 B = Non-inter-level travel time spent in this place.
 C = Inter-level travel time spent in this place.
 D = Time resting spent in this place.
 E = Time spent auto-exploring this place.
 F = Levels seen in this place.
 G = Mean time per level.
                   A        B        C        D        E       F      G
               +--------+--------+--------+--------+--------+-----+--------+
         Total |   3732 |   3510 |    222 |      0 |   2380 |  10 |  373.2 |
       Dungeon |   3490 |   3268 |    222 |      0 |   2329 |   8 |  436.2 |
        Temple |     48 |     48 |      0 |      0 |      0 |   1 |   48.0 |
       Ossuary |    193 |    193 |      0 |      0 |     51 |   1 |  193.0 |
               +--------+--------+--------+--------+--------+-----+--------+

Top non-repeatable levels by time:
     D:3: 780 daAuts
     D:4: 684 daAuts
     D:2: 499 daAuts
     D:6: 445 daAuts
     D:7: 379 daAuts
     D:1: 348 daAuts
     D:5: 248 daAuts
 Ossuary: 193 daAuts
     D:8: 104 daAuts
  Temple: 48 daAuts
